 Dungeon Crawl Stone Soup version 0.19.0-24-gb05acd6 (webtiles) character file.

153 KarmaPolice the Charmwright (level 5, -4/39 HPs)
             Began as a Vampire Skald on Nov 22, 2016.
             Killed from afar by an orc wizard (6 damage)
             ... with a puff of frost
             ... on level 3 of the Dungeon.
             The game lasted 00:05:22 (3798 turns).

KarmaPolice the Charmwright (Vampire Skald)         Turns: 3798, Time: 00:05:23

Health: -4/39      AC:  3    Str: 16    XL:     5   Next: 12%
Magic:  1/9        EV: 11    Int: 14    God:
Gold:   30         SH:  0    Dex: 15    Spells: 4 memorised, 2 levels left

rFire  . . .     SeeInvis +     a - +0 falchion
rCold  . . .     Gourm    .     b - +0 leather armour
rNeg   + . .     Faith    .     (no shield)
rPois  .         Spirit   .     (no helmet)
rElec  .         Reflect  .     (no cloak)
rCorr  .         Harm     .     (no gloves)
MR     .....                    (no boots)
Stlth  +.........               (no amulet)
                                (no ring)
                                (no ring)

@: mighty, infused
A: fangs 3, see invisible, unbreathing
a: Bat Form


You were on level 3 of the Dungeon.
You were not thirsty.

You visited 1 branch of the dungeon, and saw 3 of its levels.

You collected 30 gold pieces.

Inventory:

Hand Weapons
 a - a +0 falchion (weapon)
Armour
 b - a +0 leather armour (worn)
Scrolls
 e - 6 scrolls of identify {unknown}
 g - a scroll of teleportation {unknown}
 i - a scroll of magic mapping {unknown}
 k - a scroll of amnesia {unknown}
 l - a scroll of fear {unknown}
 n - a scroll of remove curse {unknown}
 o - a scroll of enchant armour {unknown}
Potions
 d - 3 potions of blood
 h - a potion of heal wounds {unknown}
 j - a potion of degeneration {unknown}
 p - a potion of mutation {unknown}
Books
 c - a book of Battle

   Spells                             Type                      Level
   a - Infusion                       Charms                       1
   b - Shroud of Golubria             Charms/Translocation         2
   c - Song of Slaying                Charms                       2
   d - Spectral Weapon                Hexes/Charms                 3
   e - Regeneration                   Charms/Necromancy            3
 m - a book of Misfortune

   Spells                             Type                      Level
   a - Confusing Touch                Hexes                        1
   b - Confuse                        Hexes                        3
   c - Gell's Gravitas                Hexes/Translocation          3
   d - Petrify                        Transmutation/Earth          4
   e - Metabolic Englaciation         Hexes/Ice                    5
   f - Yara's Violent Unravelling     Hexes/Transmutation          5


   Skills:
 - Level 2.5 Fighting
 + Level 3.2 Long Blades
 - Level 0.7 Armour
 - Level 1.1 Dodging
 + Level 3.3 Spellcasting
 - Level 4.0 Charms
 + Level 0.7 Necromancy


You had 2 spell levels left.
You knew the following spells:

 Your Spells              Type           Power        Failure   Level  Hunger
a - Infusion              Chrm           ##..         6%          1    #......
b - Shroud of Golubria    Chrm/Tloc      #.........   21%         2    ##.....
c - Song of Slaying       Chrm           ##......     10%         2    ##.....
d - Regeneration          Chrm/Necr      #.........   30%         3    ###....


Dungeon Overview and Level Annotations

Branches:
Dungeon (3/15)

Altars:
Hepliaklqana
Makhleb
Nemelex Xobeh
Ru
Yredelemnul


Innate Abilities, Weirdness & Mutations

You have razor-sharp teeth.
You have supernaturally acute eyesight. (SInv)
You can survive without breathing.


Message History

The orc wizard is severely wounded.
The orc wizard gestures at you while chanting.
The magic dart hits you!
* * * LOW HITPOINT WARNING * * *
The orc wizard gestures at you while chanting.
The puff of flame hits you!
* * * LOW HITPOINT WARNING * * *
It was a potion of might.
You feel very mighty all of a sudden. The orc wizard hits you with a dagger.
* * * LOW HITPOINT WARNING * * *
Okay, then.
You hit the orc wizard but do no damage.
The orc wizard is severely wounded.
The orc wizard gestures at you while chanting.
The magic dart hits you!
* * * LOW HITPOINT WARNING * * *
The orc wizard points at you and mumbles some strange words.
The puff of frost hits you!
You die...

#####....####.####### ..
#<.##...##.<#.#######
...#...#..(#...#........
...##.'#...#'.###....%..
....###.....###.........
#.....................
#......♣........######
#...............#
#####@....#######
#.o#...#+ #..o#...#
#<.##...# ### #....#
#...... #...... ......


You could see an orc wizard (invisible) and an orc.

Vanquished Creatures
  An orc wizard (D:3)
  7 adders (D:2)
  An ooze (D:2)
  3 worms (D:2)
  3 leopard geckos
  A giant cockroach (D:2)
  5 goblins
  7 hobgoblins
  9 kobolds
  7 bats
  3 frilled lizards
  3 rats (D:1)
50 creatures vanquished.

Vanquished Creatures (others)
  A worm (D:2)
1 creature vanquished.

Grand Total: 51 creatures vanquished

Notes
Turn   | Place    | Note
-------+----------+-------------------------------------------
     0 | D:1      | KarmaPolice the Vampire Skald began the quest for the Orb.
     0 | D:1      | Reached XP level 1. HP: 16/16 MP: 3/3
   254 | D:1      | Reached XP level 2. HP: 19/22 MP: 5/5
   258 | D:1      | Learned a level 2 spell: Shroud of Golubria
   261 | D:1      | Learned a level 2 spell: Song of Slaying
   717 | D:2      | Reached XP level 3. HP: 17/27 MP: 0/6
  1544 | D:2      | Found a basalt altar of Yredelemnul.
  1760 | D:2      | Found a burning altar of Makhleb.
  1808 | D:2      | Found a sacrificial altar of Ru.
  1809 | D:2      | Found a hazy altar of Hepliaklqana.
  1840 | D:2      | Reached XP level 4. HP: 29/33 MP: 8/8
  2561 | D:2      | Learned a level 3 spell: Regeneration
  3367 | D:2      | Found a sparkling altar of Nemelex Xobeh.
  3464 | D:2      | Reached skill level 4 in Charms
  3789 | D:3      | Reached XP level 5. HP: 32/39 MP: 0/9
  3798 | D:3      | Killed from afar by an orc wizard

Skill      XL: |  1  2  3  4 |
---------------+-------------+-----
Fighting       | 2 |  2.5
Spellcasting   | 3 |  3.3
Long Blades    | 3 |  3.2
Charms         | 4 |  4.0
Armour         | |  0.7
Dodging        | |  1.1
Necromancy     | |  0.7

Action                   |  1- 3 |  4- 6 || total
-------------------------+-------+-------++-------
Melee: Falchion          |    92 |    95 ||   187
       Bite              |     6 |    18 ||    24
       Unarmed           |       |    17 ||    17
 Cast: Infusion          |     2 |     7 ||     9
       Song of Slaying   |     1 |     1 ||     2
       Shroud of Golubri |     1 |     4 ||     5
 Abil: End Transformatio |       |     5 ||     5
       Bat Form          |       |     5 ||     5
  Use: Potion            |       |     5 ||     5
 Stab: Sleeping          |       |     1 ||     1
  Eat: Corpse            |       |     3 ||     3
Armor: Leather armour    |    23 |    13 ||    36
Dodge: Dodged            |    75 |    63 ||   138
       Rpst.: Falchion   |    21 |    19 ||    40
